 Dungeon Crawl Stone Soup version 0.27.1-33-g824d729ab1 (webtiles) character file.

Game seed: 12116471908959554369

45 13raion the Chopper (level 3, -2/51 HPs)
             Began as a Minotaur Berserker on Dec 5, 2021.
             Was a Believer of Trog.
             Succumbed to Robin's poison
             ... on level 1 of the Dungeon.
             The game lasted 00:02:13 (1267 turns).

13raion the Chopper (Minotaur Berserker)            Turns: 1267, Time: 00:02:13

Health: -2/51      AC:  2    Str: 22    XL:     3   Next: 42%
Magic:  2/2        EV: 12    Int:  4    God:    Trog [**....]
Gold:   41         SH:  0    Dex:  9    Spells: 2/2 levels left

rFire    . . .     SeeInvis .   a - +0 hand axe
rCold    . . .     Faith    .   (no shield)
rNeg     . . .     Spirit   .   b - +0 animal skin
rPois    .         Reflect  .   (helmet restricted)
rElec    .         Harm     .   (no cloak)
rCorr    .         Rampage  .   (no gloves)
Will     .....                  (no boots)
Stlth    ..........             (no amulet)
HPRegen  0.17/turn              (no ring)
MPRegen  0.08/turn              (no ring)

@: berserking, lethally poisoned (-2 -> -18), very quick
A: horns 2, retaliatory headbutt
a: Renounce Religion, Berserk, Trog's Hand


You were on level 1 of the Dungeon.
You worshipped Trog.
Trog was pleased with you.
You visited 1 branch of the dungeon, and saw 2 of its levels.

You collected 41 gold pieces.

Inventory:

Hand Weapons
 a - a +0 hand axe (weapon)
Armour
 b - a +0 animal skin (worn)
Scrolls
 e - a scroll of summoning {unknown}
 f - a scroll of amnesia {unknown}
 g - a scroll of enchant armour {unknown}
Potions
 c - 2 potions of degeneration {unknown}
 d - a potion of haste {unknown}
 h - a potion of attraction {unknown}


   Skills:
 + Level 4.5 Fighting
 + Level 4.7 Axes
 - Level 2.4 Armour
 - Level 2.1 Dodging


You had 2 spell levels left.
You didn't know any spells.
Your spell library was empty.

Dungeon Overview and Level Annotations

Branches:
Dungeon (2/15)

Altars:

Annotations:
D:1 Robin


Innate Abilities, Weirdness & Mutations

You have a pair of horns on your head.
You reflexively headbutt those who attack you in melee.


Message History

You hit the goblin but do no damage. The goblin barely misses you.
You furiously retaliate!
You headbutt the goblin!
You kill the goblin!
Trog accepts your kill.
You closely miss the goblin.
The kobold throws a stone.
The stone barely misses you. The goblin hits you with a +0 dagger.
You hit the goblin.
The goblin is severely wounded.
The goblin hits you but does no damage.
You hit the goblin but do no damage.
The goblin is severely wounded.
The kobold throws a stone.
The stone barely misses you. The goblin hits you with a +0 dagger.
You hit the goblin.
You kill the goblin!
Trog accepts your kill.
You can now call upon Trog for regeneration and willpower.
You slash the hobgoblin!
You kill the hobgoblin!
Trog accepts your kill.
You hit the kobold but do no damage. The kobold hits you with a +0 whip.
You hit Robin.
Robin is moderately wounded.
You hit the kobold but do no damage. The kobold misses you.
Robin hits you with a +0 short sword of venom.
You are poisoned.
You feel very sick. The kobold hits you with a +0 whip.
Robin hits you with a +0 short sword of venom.
* * * LOW HITPOINT WARNING * * *
You are more poisoned.
You climb upwards.
* * * LOW HITPOINT WARNING * * *
You feel extremely sick.
There is a stone staircase leading down here.
Unknown command.
Unknown command.
A red film seems to cover your vision as you go berserk!
You feel yourself moving faster!
You feel mighty!
You die...

.♣♣♣..# ♣# #♣.# ♣
♣.# ♣# #♣.#
.♣♣♣(.# ......#
##..###
##.###############
........(......K@#
...####....#####g#
##+## #..#.#####.#
....###..#.##....#
.........#.##.####
.........#.##.#
....(....#....#
.........######
....#....#


You could see Robin and a kobold.

Vanquished Creatures
  An adder (D:1)
  A ball python (D:2)
  An endoplasm (D:2)
  A giant cockroach (D:2)
  9 goblins
  4 hobgoblins (D:2)
  4 jackals (D:1)
  4 kobolds
  2 quokkas (D:1)
  A frilled lizard (D:1)
  2 rats (D:1)
30 creatures vanquished.

Notes
Turn   | Place    | Note
-------+----------+-------------------------------------------
     0 | D:1      | 13raion the Minotaur Berserker began the quest for the Orb.
     0 | D:1      | Reached XP level 1. HP: 19/19 MP: 0/0
    62 | D:1      | Reached XP level 2. HP: 8/27 MP: 1/1
   510 | D:1      | Found a faded altar of an unknown god.
  1109 | D:2      | Noticed Robin
  1126 | D:1      | Reached XP level 3. HP: 20/34 MP: 2/2
  1262 | D:2      | Reached ** piety under Trog
  1266 | D:1      | HP: 1/34 [poisoned by Robin]
  1267 | D:1      | Succumbed to Robin's poison

Illustrated notes

Levels and vault maps discovered:
D:1:      dpeg_arrival_more_subterranean_lakeside_camping, layout_basic,
          shapermc_ecumenical_altar_mp_urbaneastern, minmay_misc_feat_encased,
          supply_closet_lemuel, minmay_stone_trees_medium,
          minmay_misc_feat_rows, minmay_surrounded
D:2:      layout_rooms, basic_altar, chequers_arboretum, corexii_corridor_pit,
          uniq_robin, uniq_jessica

Skill      XL: |  1 |
---------------+----+-----
Axes           | 4 |  4.7
Fighting       | 4 |  4.5
Armour         | |  2.4
Dodging        | |  2.1

Action                   || total
-------------------------++-------
Melee: Hand axe          ||    61
       Headbutt          ||     5
Invok: Berserk           ||     1
Armor: Animal skin       ||    10
Dodge: Dodged            ||    40
